General information
- name: BNet
- type: Ladder team game (AT/RT)
- host: Battle.net
- saver: HoneyBlunt
map: Mur'gulOasis
- players: 8
- length: 15:38
- speed: Fast
- version: 1.24 W3XP
- replay type: Public
» download(102 KB)
Players
team 1 (loser)
DarthSauron (
blue | 26 APM | 335 actions | 12:44)
3 Lich
1 Frost Nova
2 Frost Armor
» actions
| Assign group hotkey | 4 | |
| Build / train | 36 | |
| Enter build submenu | 11 | |
| Enter hero's abilities submenu | 3 | |
| Give item / drop item | 1 | |
| Right click | 95 | |
| Select / deselect | 139 | |
| Select group hotkey | 4 | |
| Use ability | 42 | |
335 total
» units
| Acolyte | 2 | |
| Ghoul | 8 | |
| Crypt Fiend | 7 | |
17 total
» upgrades
| Web | 1 | |
| Unholy Armor | 1 | |
| Unholy Strength | 1 | |
3 total
» buildings
| Altar of Darkness | 1 | |
| Ziggurat | 3 | |
| Crypt | 4 | |
| Nerubian Tower | 1 | |
| Graveyard | 1 | |
| Tomb of Relics | 1 | |
| Spirit Tower | 2 | |
| Halls of the Dead | 1 | |
14 total
» build order
00:11 Altar of Darkness
00:16 Ziggurat
00:38 Crypt
00:58 Ziggurat
01:13 Nerubian Tower
01:26 Graveyard
01:43 Tomb of Relics
03:04 Spirit Tower
03:07 Ziggurat
03:32 Halls of the Dead
05:27 Spirit Tower
08:34 Crypt
08:40 Crypt
09:08 Crypt
» items
| Rod of Necromancy | 2 | |
| Potion of Healing | 2 | |
| Dust of Appearance | 1 | |
| Potion of Mana | 2 | |
| Scroll of Town Portal | 1 | |
8 total

»
LouisVutton (
orange | 54 APM | 840 actions | 15:36)
6 Blademaster
3 Wind Walk
2 Critical Strike
1 Bladestorm
» actions
| Assign group hotkey | 18 | |
| Basic commands | 88 | |
| Build / train | 69 | |
| ESC pressed | 1 | |
| Enter build submenu | 18 | |
| Enter hero's abilities submenu | 6 | |
| Give item / drop item | 3 | |
| Remove unit from queue | 5 | |
| Right click | 246 | |
| Select / deselect | 245 | |
| Select group hotkey | 88 | |
| Use ability | 53 | |
840 total
» units
| Peon | 11 | |
| Grunt | 11 | |
| Shaman | 1 | |
| Troll Witch Doctor | 3 | |
| Tauren | 9 | |
35 total
» upgrades
| Armor | 1 | |
| Shaman Training | 2 | |
| Witch Doctor Training | 2 | |
| Pulverize | 1 | |
| Melee Weapons | 1 | |
7 total
» buildings
| Altar of Storms | 1 | |
| Orc Burrow | 7 | |
| Barracks | 1 | |
| Voodoo Lounge | 1 | |
| Stronghold | 3 | |
| War Mill | 1 | |
| Spirit Lodge | 2 | |
| Fortress | 1 | |
| Tauren Totem | 2 | |
19 total
» build order
00:09 Altar of Storms
00:17 Orc Burrow
00:45 Barracks
01:27 Orc Burrow
01:35 Orc Burrow
02:04 Voodoo Lounge
03:21 Stronghold
03:21 Stronghold
03:21 Stronghold
03:59 Orc Burrow
04:30 War Mill
05:47 Spirit Lodge
05:51 Spirit Lodge
05:53 Fortress
08:25 Tauren Totem
08:33 Tauren Totem
10:19 Orc Burrow
10:42 Orc Burrow
14:19 Orc Burrow
» items
| Healing Salve | 2 | |
| Lesser Clarity Potion | 1 | |
| Scroll of Speed | 2 | |
| Orb of Lightning | 1 | |
6 total

»
Lynch316 (
yellow | 36 APM | 461 actions | 12:49)
2 Shadow Hunter
1 Hex
1 Healing Wave
» actions
| Basic commands | 15 | |
| Build / train | 22 | |
| Enter build submenu | 10 | |
| Enter hero's abilities submenu | 2 | |
| Right click | 223 | |
| Select / deselect | 152 | |
| Use ability | 37 | |
461 total
» units
| Peon | 8 | |
| Grunt | 4 | |
| Troll Headhunter/Berserker | 3 | |
15 total
» upgrades
» buildings
| Altar of Storms | 1 | |
| Orc Burrow | 4 | |
| Barracks | 2 | |
| Voodoo Lounge | 1 | |
| War Mill | 1 | |
| Stronghold | 1 | |
10 total
» build order
00:05 Altar of Storms
00:07 Orc Burrow
01:07 Barracks
01:45 Orc Burrow
02:23 Voodoo Lounge
02:44 Orc Burrow
03:44 War Mill
03:48 Barracks
05:00 Stronghold
05:10 Orc Burrow
» items
| Scroll of Speed | 1 | |
| Potion of Healing | 1 | |
2 total

»
ACP-WINZ-4-7-31 (
purple | 37 APM | 573 actions | 15:33)
3 Demon Hunter
1 Immolation
2 Evasion
1 Shadow Hunter
1 Healing Wave
» actions
| Build / train | 47 | |
| Enter build submenu | 14 | |
| Enter hero's abilities submenu | 4 | |
| Remove unit from queue | 11 | |
| Right click | 302 | |
| Select / deselect | 169 | |
| Use ability | 26 | |
573 total
» units
| Wisp | 8 | |
| Huntress | 12 | |
| Druid of the Talon | 4 | |
| Chimaera | 1 | |
| Ghoul | 1 | |
| Gargoyle | 4 | |
30 total
» upgrades
| Strength of the Wild | 1 | |
| Reinforced Hides | 1 | |
2 total
» buildings
| Moon Well | 4 | |
| Altar of Elders | 1 | |
| Hunter's Hall | 1 | |
| Ancient of War | 1 | |
| Tree of Ages | 1 | |
| Tree of Eternity | 1 | |
| Ancient of Wind | 1 | |
| Ancient of Lore | 2 | |
| Chimaera Roost | 1 | |
| Temple of the Damned | 1 | |
14 total
» build order
00:14 Moon Well
01:02 Altar of Elders
01:05 Hunter's Hall
01:38 Ancient of War
02:11 Moon Well
03:14 Tree of Ages
05:48 Tree of Eternity
07:54 Ancient of Wind
08:21 Moon Well
08:23 Moon Well
08:36 Ancient of Lore
08:39 Ancient of Lore
09:04 Chimaera Roost
13:37 Temple of the Damned
team 2 (winner)
HoneyBlunt (
pink | 84 APM | 1319 actions | 15:38)
4 Death Knight
2 Death Coil
2 Unholy Aura
» actions
| Assign group hotkey | 16 | |
| Basic commands | 13 | |
| Build / train | 56 | |
| ESC pressed | 3 | |
| Enter build submenu | 22 | |
| Enter hero's abilities submenu | 4 | |
| Right click | 635 | |
| Select / deselect | 262 | |
| Select group hotkey | 253 | |
| Use ability | 55 | |
1319 total
» units
| Acolyte | 4 | |
| Ghoul | 2 | |
| Crypt Fiend | 12 | |
| Shaman | 3 | |
| Tauren | 1 | |
22 total
» upgrades
| Creature Attack | 2 | |
| Shaman Training | 1 | |
| Reinforced Defenses | 1 | |
| Web | 1 | |
| Creature Carapace | 1 | |
6 total
» buildings
| Crypt | 1 | |
| Ziggurat | 8 | |
| Graveyard | 1 | |
| Altar of Darkness | 1 | |
| Tomb of Relics | 2 | |
| Nerubian Tower | 2 | |
| Spirit Tower | 6 | |
| Halls of the Dead | 4 | |
| Orc Burrow | 1 | |
| Watch Tower | 1 | |
| Black Citadel | 1 | |
| Sacrificial Pit | 1 | |
| Necropolis | 1 | |
| Boneyard | 1 | |
31 total
» build order
00:24 Crypt
00:27 Ziggurat
00:37 Graveyard
00:59 Altar of Darkness
01:15 Tomb of Relics
01:36 Nerubian Tower
02:09 Ziggurat
03:15 Ziggurat
05:26 Spirit Tower
06:23 Ziggurat
07:06 Ziggurat
07:19 Spirit Tower
07:19 Spirit Tower
07:58 Nerubian Tower
08:01 Tomb of Relics
08:22 Halls of the Dead
08:22 Halls of the Dead
08:23 Halls of the Dead
08:55 Ziggurat
09:48 Spirit Tower
09:51 Ziggurat
10:18 Ziggurat
10:45 Spirit Tower
11:09 Orc Burrow
11:14 Watch Tower
11:53 Black Citadel
13:31 Sacrificial Pit
13:33 Spirit Tower
14:13 Necropolis
14:52 Boneyard
» items
| Dust of Appearance | 1 | |
| Rod of Necromancy | 6 | |
| Sacrificial Skull | 1 | |
| Scroll of Town Portal | 1 | |
| Potion of Healing | 1 | |
10 total

»
KangarooJustice (
teal | 75 APM | 709 actions | 09:26)
3 Blademaster
2 Wind Walk
1 Critical Strike
2 Naga Sea Witch
1 Frost Arrows
1 Forked Lightning
» actions
| Basic commands | 2 | |
| Build / train | 37 | |
| Enter build submenu | 11 | |
| Enter hero's abilities submenu | 5 | |
| Give item / drop item | 1 | |
| Right click | 473 | |
| Select / deselect | 153 | |
| Use ability | 27 | |
709 total
» units
» upgrades
» buildings
| Altar of Storms | 1 | |
| Orc Burrow | 3 | |
| Barracks | 1 | |
| Voodoo Lounge | 1 | |
| Stronghold | 3 | |
| War Mill | 1 | |
| Fortress | 3 | |
| Spirit Lodge | 1 | |
| Tauren Totem | 2 | |
16 total
» build order
00:10 Altar of Storms
00:12 Orc Burrow
00:43 Barracks
01:33 Orc Burrow
02:03 Voodoo Lounge
02:56 Stronghold
02:56 Stronghold
02:57 Stronghold
03:24 Orc Burrow
05:02 War Mill
06:05 Fortress
06:05 Fortress
06:05 Fortress
07:13 Spirit Lodge
08:30 Tauren Totem
08:32 Tauren Totem
» items
| Healing Salve | 1 | |
| Lesser Clarity Potion | 1 | |
| Scroll of Speed | 1 | |
| Boots of Speed | 1 | |
| Circlet of Nobility | 3 | |
7 total
haldaO (
red | 94 APM | 1473 actions | 15:37)
5 Blademaster
2 Wind Walk
3 Critical Strike
3 Shadow Hunter
2 Healing Wave
1 Serpent Ward
» actions
| Assign group hotkey | 29 | |
| Basic commands | 39 | |
| Build / train | 60 | |
| Enter build submenu | 13 | |
| Enter hero's abilities submenu | 8 | |
| Remove unit from queue | 2 | |
| Right click | 574 | |
| Select / deselect | 198 | |
| Select group hotkey | 460 | |
| Use ability | 90 | |
1473 total
» units
| Peon | 10 | |
| Grunt | 8 | |
| Raider | 12 | |
| Tauren | 3 | |
| Shaman | 2 | |
35 total
» upgrades
| Berserker Strength | 1 | |
| Ensnare | 1 | |
| Pillage | 1 | |
| Backpack | 1 | |
| Pulverize | 1 | |
5 total
» buildings
| Altar of Storms | 1 | |
| Orc Burrow | 8 | |
| Voodoo Lounge | 1 | |
| Barracks | 1 | |
| Stronghold | 1 | |
| Fortress | 1 | |
| Beastiary | 2 | |
15 total
» build order
00:14 Altar of Storms
00:26 Orc Burrow
00:51 Voodoo Lounge
01:34 Barracks
01:49 Orc Burrow
03:02 Stronghold
03:47 Orc Burrow
06:29 Fortress
06:33 Beastiary
07:24 Beastiary
07:27 Orc Burrow
09:54 Orc Burrow
11:33 Orc Burrow
14:11 Orc Burrow
14:15 Orc Burrow
» items
| Healing Salve | 2 | |
| Lesser Clarity Potion | 2 | |
| Scroll of Speed | 1 | |
5 total

»
InMyZone (
green | 51 APM | 801 actions | 15:37)
4 Blademaster
2 Wind Walk
2 Critical Strike
2 Far Seer
1 Feral Spirit
1 Chain Lighting
1 Naga Sea Witch
1 Frost Arrows
» actions
| Assign group hotkey | 15 | |
| Basic commands | 60 | |
| Build / train | 46 | |
| Enter build submenu | 15 | |
| Enter hero's abilities submenu | 7 | |
| Right click | 249 | |
| Select / deselect | 173 | |
| Select group hotkey | 187 | |
| Use ability | 49 | |
801 total
» units
| Peon | 11 | |
| Grunt | 8 | |
| Troll Batrider | 10 | |
29 total
» upgrades
» buildings
| Altar of Storms | 1 | |
| Orc Burrow | 6 | |
| Barracks | 1 | |
| Voodoo Lounge | 1 | |
| Stronghold | 1 | |
| War Mill | 1 | |
| Fortress | 2 | |
| Beastiary | 3 | |
16 total
» build order
00:04 Altar of Storms
00:06 Orc Burrow
00:52 Barracks
01:39 Orc Burrow
02:37 Voodoo Lounge
03:17 Orc Burrow
03:51 Orc Burrow
04:47 Stronghold
05:14 War Mill
07:30 Fortress
07:30 Fortress
08:43 Beastiary
08:45 Beastiary
09:38 Orc Burrow
10:19 Beastiary
11:18 Orc Burrow
» items
| Healing Salve | 2 | |
| Lesser Clarity Potion | 1 | |
| Potion of Healing | 1 | |
4 total
Chat log
(00:05 / Allies) haldaO: rush?
(00:11 / Allies) HoneyBlunt: a great band
(00:16 / Allies) KangarooJustice: agree
(00:33 / Allies) KangarooJustice: u have a guy
(00:34 / Allies) KangarooJustice: at the back
(00:35 / Allies) KangarooJustice: lol
(00:39 / Allies) KangarooJustice: jerkin off
(00:43 / Allies) InMyZone: '=)
(00:47 / Allies) KangarooJustice: damn peons
(00:56 / Allies) KangarooJustice: almost as stoned
(00:57 / Allies) KangarooJustice: as wisps
(01:08 / Allies) haldaO: if we go all 3 grunts and UD fiends, we win
(01:28 / Allies) KangarooJustice: they noobs
(01:30 / Allies) KangarooJustice: fw
(02:04 / Allies) InMyZone: so we rushing right?
(02:08 / Allies) haldaO: yes
(02:13 / Allies) haldaO: grunts and fiends plz
(02:13 / Allies) KangarooJustice: by time ur rdy im lv2
(02:14 / Allies) KangarooJustice: k
(02:33 / Allies) HoneyBlunt: meet?
(02:40 / Allies) haldaO: wait
(02:44 / Allies) KangarooJustice: middle ground
(02:44 / Allies) haldaO: get 6 units
(02:49 / Allies) KangarooJustice: 6 grunts?
(02:50 / Allies) KangarooJustice: wtf
(02:54 / Allies) KangarooJustice: nobody goes more than 4
(02:55 / Allies) haldaO: 4-6
(04:34 / Allies) InMyZone: kk lets meet
(04:41 / Allies) HoneyBlunt: where
(04:44 / Allies) KangarooJustice: mid lol.
(05:06 / Allies) InMyZone: ?
(05:10 / Allies) haldaO: sure
(05:11 / Allies) KangarooJustice: lemem get
(05:12 / Allies) KangarooJustice: atyav hero
(05:14 / Allies) KangarooJustice: be4 we go lol
(05:21 / Allies) KangarooJustice: uh 100 g
(05:22 / Allies) KangarooJustice: lol
(05:42 / Allies) KangarooJustice: k choose
(06:40 / Allies) KangarooJustice: nice
(06:44 / Allies) KangarooJustice: the grunt lol
(07:46 / Allies) haldaO: on the back
(07:51 / Allies) haldaO: blue hero
(08:23 / All) KangarooJustice: :o gg
(08:36 / Allies) KangarooJustice: gonna tauren sha,
(08:38 / Allies) InMyZone: ill get bats
(09:03 / Allies) HoneyBlunt: let my towers do the work
(09:08 / Allies) KangarooJustice: killing workers
(09:10 / Allies) KangarooJustice: lol
(09:17 / Allies) KangarooJustice: thewy cant even reach hall
(09:17 / Allies) KangarooJustice: xd
(09:26 / All) haldaO: 2k
(09:29 / All) DarthSauron: who saves gold in a video game???
(11:35 / All) DarthSauron: lol 1 chim
(11:37 / All) DarthSauron: great tek
(11:46 / All) DarthSauron: so worth it
(11:50 / All) InMyZone: leave
(12:24 / Allies) HoneyBlunt: u like my push?
(12:36 / All) LouisVutton: nice tp
(12:42 / All) HoneyBlunt: i know right
(13:26 / Allies) haldaO: b
(13:26 / Allies) haldaO: b
(13:27 / Allies) haldaO: b
(13:41 / All) LouisVutton: he asked me if i plan to win